Flaenia the Unfeathered, neutral female gnomish Cavewoman ------- |.<%..| |.....-# |..{..|# -------------- |.....|# |..........\..| |.....|# |....(.........### ----.--# |.............| # # -------------- ### # # # ##k ---+------ # M |.*...(..| # #@%.....)>.| # # |...[....-%###----- ---------- ##....| #|...| #|...- #----- Flaenia the Unfeathered the Wanderer Experience level: 9 Strength: 18/13 Dexterity: 14 Constitution: 18 Intelligence: 9 Wisdom: 10 Charisma: 8 Health: 0(78) Energy: 39(39) Def: 7 Gold: 0 Moves: 11736 Dungeon seed: UfiSl6JwznhZkUxf Game ID: Flaenia the Unfeathered_1530170783 Your Inventory: Amulets G - an uncursed amulet of reflection (being worn) Weapons b - an uncursed +2 sling j - 2 uncursed +0 darts (in quiver) z - an uncursed rusty +0 battle-axe (weapon in hands) C - 2 uncursed +0 daggers Armor q - an uncursed +0 leather armor (being worn) y - an uncursed +0 alchemy smock (being worn) N - a blessed +1 helmet (being worn) Y - an uncursed +0 pair of iron shoes (being worn) Comestibles L - an uncursed lizard corpse Rings c - an uncursed ring of fire resistance f - an uncursed ring of polymorph control (on left hand) i - an uncursed ring of regeneration l - an uncursed ring of searching F - a cursed ring of invisibility K - an uncursed ring of shock resistance Q - an uncursed +2 ring of increase accuracy Wands g - an uncursed wand of create monster (0:12) k - a blessed wand of slow monster (0:0) v - an uncursed wand of digging (0:6) H - an uncursed wand of magic missile (0:0) I - an uncursed wand of teleportation (0:4) O - an uncursed wand of polymorph (0:4) R - an uncursed wand of death (0:4) U - an uncursed wand of opening (0:4) X - an uncursed wand of striking (0:3) Tools e - an uncursed lock pick p - an uncursed magic whistle s - an uncursed oil lamp (0:0) u - an uncursed +0 unicorn horn w - an uncursed bag of holding B - an uncursed sack P - an uncursed stethoscope Gems r - an uncursed luckstone Contents of the bag of holding: 4279 gold pieces an uncursed banana an uncursed carrot 7 uncursed food rations 3 uncursed lumps of royal jelly 3 uncursed tripe rations 4 cursed scrolls of blank paper an uncursed scroll of create monster a blessed scroll of destroy armor 2 uncursed scrolls of earth an uncursed scroll of fire an uncursed scroll of identify an uncursed scroll of light 2 uncursed scrolls of remove curse an uncursed scroll of scare monster an uncursed scroll of stinking cloud a blessed scroll of teleportation an uncursed potion of acid 2 uncursed potions of confusion an uncursed potion of extra healing 2 uncursed potions of fruit juice a blessed potion of gain energy a cursed potion of gain energy an uncursed potion of gain level a blessed potion of hallucination an uncursed potion of healing an uncursed potion of invisibility a blessed potion of levitation an uncursed potion of monster detection an uncursed potion of restore ability an uncursed potion of see invisible an uncursed potion of speed 5 uncursed potions of water 5 uncursed tallow candles (0:200) Spells and supernatural/magical abilities: Name Level Category Fail Memory h - healing 1 healing 100% 74% s - slow monster 2 enchantment 100% 74% v - clairvoyance 3 divination 100% 55% z - sleep 1 enchantment 100% 93% W - pray for help -- divine ? -- Your skills at the end: Fighting Skills bare handed combat [Basic] Weapon Skills axe [Skilled] club [Skilled] sling [Basic] Spellcasting Skills Final Attributes: You were piously aligned. You were cold resistant. You were poison resistant. You were acid resistant. You were telepathic. You had infravision. You had polymorph control. You were fast. You had reflection. You were lucky. You had extra luck. Bad luck did not time out for you. Good luck did not time out for you. You are dead. Vanquished creatures: a queen bee 2 giant mimics 5 small mimics an ogre lord a pit viper a giant beetle a quivering blob a cockatrice a mumak 2 giant spiders an ice vortex 2 gnome kings an orc mummy a yeti a werewolf a lizard a dog a dwarf lord a black unicorn a raven 2 gnome mummies 3 apes 2 human zombies a rope golem 12 bugbears an imp a quasit a wood nymph a water nymph a Mordor orc 5 Uruk-hai 3 rock piercers 4 fog clouds 3 yellow lights 5 shriekers 3 violet fungi 2 gnome lords 3 gnomish wizards 2 kobold mummies 3 red naga hatchlings 2 gray oozes 3 elf zombies 2 straw golems 2 paper golems a baby crocodile 5 giant ants a little dog 3 floating eyes 2 kittens 2 homunculi 8 hill orcs 7 rothes a rabid rat 2 giant bats 7 orc zombies a dwarf zombie a werejackal 5 iguanas 17 killer bees an acid blob 4 coyotes 4 gas spores 4 hobbits 15 manes a large kobold 5 hobgoblins 7 giant rats 3 cave spiders 6 brown molds 4 yellow molds 4 green molds 5 red molds 3 gnomes 15 garter snakes 3 gnome zombies 8 geckos 13 jackals 2 foxes 5 kobolds 7 goblins 5 sewer rats 20 grid bugs a bat 8 lichens a kobold zombie 10 newts 321 creatures vanquished. Voluntary challenges: You used a wielded weapon 496 times, starting on turn 400. You read items or engraved 16 times, starting on turn 35. You never genocided any monsters. You never polymorphed an object. You changed form 1 time, starting on turn 11104. You used no wishes. You never split a pudding. You wrote Elbereth's name 1 time, starting on turn 1073. You violated your moral code, losing 90 points of alignment, starting on turn 1921. Dungeon overview: The Dungeons of Doom: levels 1 to 15 Level 1 some fountains a long staircase Level 2 a fountain stairs to The Gnomish Mines Level 3 a general store Level 4 a fountain Level 5 a sink Level 6 some fountains Level 7 stairs to Sokoban Level 8 a fountain Level 9 some fountains Level 10 (lep hall) Level 11 some fountains Level 12 a temple to Anshar portal to The Quest Level 13 a fountain Level 14 <- You were here a fountain, a throne Level 15 The Gnomish Mines: levels 3 to 6 Level 3 stairs to The Dungeons of Doom Level 4 Level 5 Level 6 many shops, a temple to Anu, some fountains The Quest: Level 1 portal to The Dungeons of Doom Sokoban: levels 3 to 6 Level 3 Level 4 Level 5 Level 6 stairs to The Dungeons of Doom History has recorded: On T:1 you entered the Dungeons of Doom to retrieve the Amulet of Yendor! On T:613 you reached level 2 of The Dungeons of Doom. On T:845 you reached level 1 of The Gnomish Mines. On T:902 you reached level 2 of The Gnomish Mines. On T:929 you reached level 4 of The Gnomish Mines. On T:977 you advanced to experience level 2. On T:987 you advanced to experience level 3. On T:1120 you advanced to experience level 4. On T:1280 you reached level 3 of The Gnomish Mines. On T:1459 you advanced to experience level 5. On T:1930 you advanced to experience level 6. On T:3333 you reached level 3 of The Dungeons of Doom. On T:3573 you reached level 4 of The Dungeons of Doom. On T:3903 you reached level 5 of The Dungeons of Doom. On T:4293 you reached level 6 of The Dungeons of Doom. On T:4363 you advanced to experience level 7. On T:6317 you reached level 7 of The Dungeons of Doom. On T:6571 you reached level 4 of Sokoban. On T:6828 you reached level 3 of Sokoban. On T:7434 you reached level 2 of Sokoban. On T:7725 you reached level 1 of Sokoban. On T:7913 you advanced to experience level 8. On T:9221 you reached level 8 of The Dungeons of Doom. On T:9417 you reached level 9 of The Dungeons of Doom. On T:9640 you reached level 10 of The Dungeons of Doom. On T:9916 you reached level 11 of The Dungeons of Doom. On T:10154 you advanced to experience level 9. On T:10209 you reached level 12 of The Dungeons of Doom. On T:10514 you reached level 1 of The Quest. On T:11205 you reached level 13 of The Dungeons of Doom. On T:11397 you reached level 14 of The Dungeons of Doom. On T:11486 you reached level 15 of The Dungeons of Doom. Score breakdown: Gold: 4279 (12352 points) Experience: 9 levels (15756 points) Exploration: 15 levels ( 29.41%) (15874 points) Discoveries: 22 items ( 7.36%) ( 8137 points) Valuables value: (no points given unless you survive) Artifact value: 0 ( 0 points) Variety of kills: 86 monsters ( 22.57%) (14253 points) Turncount: 11736 turns (-2615 points) Survival: died (score multiplied by 80%) Total score: 51005 Latest messages: The yeti seems to be moving slower. The yeti hits! (2x) The yeti bites! The bugbear misses. You hit the yeti! The yeti turns to flee! You kill the yeti! You hit the bugbear! The bugbear hits! You kill the bugbear! You hit the human mummy! The human mummy hits! (2x) You hit the human mummy! (2x) The human mummy hits! (2x) You begin praying to Ishtar. The human mummy hits! You die... The sack is empty. The sack is empty. Your body rises from the dead as a gnome mummy... Final status: Goodbye Flaenia the Unfeathered the Cavewoman, killed by a human mummy, while praying... You died in The Dungeons of Doom on dungeon level 14 with 51005 points, and 4279 pieces of gold, after 11736 moves. You were level 9 with a maximum of 78 hit points when you died.